 Dungeon Crawl Stone Soup version 0.21-a0-241-g2cbab09 (webtiles) character file.

30 Chiseanne the Skirmisher (level 3, -3/30 HPs)
             Began as a Mummy Wanderer on Sept 3, 2017.
             Slain by a worm (4 damage)
             ... on level 2 of the Dungeon.
             The game lasted 00:01:22 (1063 turns).

Chiseanne the Skirmisher (Mummy Wanderer)           Turns: 1063, Time: 00:01:22

Health: -3/30      AC:  3    Str: 15    XL:     3   Next: 5%
Magic:  3/3        EV: 12    Int:  9    God:
Gold:   65         SH:  0    Dex: 14    Spells: 2/2 levels left

rFire    x . .     SeeInvis .   a - +2 hand axe
rCold    + . .     Gourm    .   (no shield)
rNeg     + + +     Faith    .   c - +0 robe
rPois    ∞         Spirit   .   (no helmet)
rElec    .         Reflect  .   (no cloak)
rCorr    .         Harm     .   (no gloves)
MR       .....                  f - +0 pair of boots
Stlth    +.........             (no amulet)
HPRegen  0.10/turn              (no ring)
MPRegen  0.08/turn              (no ring)

@: no status effects
A: no food or potions, fire vulnerability, cold resistance 1, negative energy
resistance 3, torment resistance, unbreathing
a: no special abilities


You were on level 2 of the Dungeon.
You were not hungry.

You visited 1 branch of the dungeon, and saw 2 of its levels.

You collected 65 gold pieces.

Inventory:

Hand Weapons
 a - a +2 hand axe (weapon)
Missiles
 d - 18 sling bullets
 g - 54 stones (quivered)
Armour
 c - a +0 robe (worn)
 f - a +0 pair of boots (worn)
Scrolls
 b - 2 scrolls of teleportation
 e - a scroll of identify {unknown}
 h - a scroll of random uselessness {unknown}


   Skills:
 * Level 4.3 Fighting
 * Level 1.9 Axes
 - Level 1.5 Armour
 * Level 1.3 Dodging
   Level 1.0 Shields
   Level 1.0 Evocations


You had 2 spell levels left.
You didn't know any spells.

Dungeon Overview and Level Annotations

Branches:
Dungeon (2/15)

Altars:


Innate Abilities, Weirdness & Mutations

You do not eat or drink.
Your flesh is vulnerable to fire.
You are immune to poison.
Your flesh is cold resistant. (rC+)
You are immune to negative energy. (rN+++)
You are immune to unholy pain and torment.
You can survive without breathing.


Message History

You climb downwards.
The worm bites you!
There is a stone staircase leading up here.
You barely miss the worm. The worm closely misses you.
You barely miss the worm. You barely miss the worm. The worm bites you!
You barely miss the worm. The worm closely misses you.
You hit the worm.
The worm is lightly wounded.
You hit the worm but do no damage.
The worm is lightly wounded.
The worm bites you!
* * * LOW HITPOINT WARNING * * *
You hit the worm.
The worm is moderately wounded.
The worm bites you.
* * * LOW HITPOINT WARNING * * *
You hit the worm.
The worm is moderately wounded.
The worm bites you.
You die...

##########
......w@>#
#.######...#
##..$.( ####


You could see a worm.

Vanquished Creatures
  An adder (D:1)
  A worm (D:1)
  A dart slug (D:1)
  A bat (D:1)
  2 giant cockroaches (D:1)
  A goblin (D:1)
  2 hobgoblins (D:1)
  A ball python (D:1)
  2 frilled lizards (D:1)
  4 kobolds (D:1)
16 creatures vanquished.

Notes
Turn   | Place    | Note
-------+----------+-------------------------------------------
     0 | D:1      | Chiseanne the Mummy Wanderer began the quest for the Orb.
     0 | D:1      | Chiseanne set off with: a +2 hand axe, 2 scrolls of teleportation, a +0 robe
     0 | D:1      | Reached XP level 1. HP: 19/19 MP: 1/1
   294 | D:1      | Reached XP level 2. HP: 24/25 MP: 2/2
   339 | D:1      | Reached skill level 1 in Dodging
   856 | D:1      | Reached XP level 3. HP: 10/30 MP: 3/3
  1062 | D:2      | HP: 1/30 [worm (2)]
  1063 | D:2      | Slain by a worm

Vault maps used:
D:1:      grunt_arrival_lava_bath
D:2:      uniq_natasha

Skill      XL: |  1  2 |
---------------+-------+-----
Dodging        | 1 |  1.3
Fighting       | |  4.3
Axes           | |  1.9
Armour         | |  1.5
Shields        | |  1.0
Evocations     | |  1.0

Action                   || total
-------------------------++-------
Melee: Hand axe          ||    56
Throw: Stone             ||     1
 Stab: Sleeping          ||     1
Armor: Robe              ||    10
Dodge: Dodged            ||    31

Table legend:
 A = Spawn XP
 B = Non-spawn XP
 C = Spawn XP percentage of total XP
 D = Spawn monster count
 E = Non-spawn monster count
 F = Spawn count percentage of total count
 G = Total turns spent on level
                    A         B        C        D         E        F      G
               +---------+---------+-------+---------+---------+-------+---------
         Total |       0 |      44 |   0.0 |       0 |      16 |   0.0 |  1063
               +---------+---------+-------+---------+---------+-------+---------
           D:1 |       0 |      44 |   0.0 |       0 |      16 |   0.0 |  1048
               +---------+---------+-------+---------+---------+-------+---------
